 Dungeon Crawl Stone Soup version 0.19.0-1-g5985abe (webtiles) character file.

6999 nikopol the Cleaver (level 11, -1/97 HPs)
             Began as a Hill Orc Berserker on Nov 2, 2016.
             Was a High Priest of Trog.
             Shot with a bolt by an orc warrior (22 damage)
             ... in a bailey.
             The game lasted 00:30:35 (10013 turns).

nikopol the Cleaver (Hill Orc Berserker)           Turns: 10013, Time: 00:30:36

Health: -1/97      AC: 20    Str: 22    XL:     11   Next: 8%
Magic:  11/11      EV: 11    Int:  7    God:    Trog [*****.]
Gold:   326        SH:  0    Dex: 12    Spells: 0 memorised, 10 levels left

rFire  + . .     SeeInvis .     z - +0 shortbow
rCold  + . .     Gourm    .     x - +2 chain mail {rC+}
rNeg   + . .     Faith    +     (shield currently unavailable)
rPois  +         Spirit   .     s - +1 helmet
rElec  .         Reflect  .     N - +1 cloak {rPois}
rCorr  .         Harm     .     y - +1 pair of gloves
MR     .....                    (no boots)
Stlth  ..........               j - amulet of faith
                                r - ring of protection from fire
                                f - ring of positive energy

@: no status effects
A: no striking features
a: Berserk, Trog's Hand, Brothers in Arms, Burn Spellbooks, Renounce Religion


You were in a bailey.
You worshipped Trog.
Trog was extremely pleased with you.
You were hungry.

You visited 1 branch of the dungeon, and saw 9 of its levels.
You also visited: Sewer and Bailey.

You collected 438 gold pieces.
You spent 112 gold pieces at shops.

Inventory:

Hand Weapons
 a - a +7 war axe of chopping
 v - a +3 hand axe of venom
 w - a +0 arbalest
 z - a +0 shortbow (weapon)
 T - a +3 antimagic battleaxe
Missiles
 m - 39 arrows (quivered)
 F - 163 bolts
Armour
 g - a cursed +0 chain mail
 k - the +1 ring mail of the Endless Expanse {+Inv Int+9 Dex-3, unknown}
   (You found it on level 9 of the Dungeon)

   It affects your intelligence (+9).
   It affects your dexterity (-3).
   It lets you turn invisible.
 s - a +1 helmet (worn)
 x - a +2 chain mail of cold resistance (worn)
 y - a +1 pair of gloves (worn)
 N - a +1 cloak of poison resistance (worn)
Jewellery
 f - a ring of positive energy (left hand)
 j - an amulet of faith (around neck)
 r - a ring of protection from fire (right hand)
Wands
 u - a wand of flame (20/48)
 B - a wand of slowing (30/48)
 J - a wand of disintegration (12/24)
 U - a wand of paralysis (13/24)
Scrolls
 d - 4 scrolls of teleportation
 n - a scroll of identify
 o - 3 scrolls of remove curse
 A - 2 scrolls of blinking
 C - a scroll of enchant armour
 M - a scroll of recharging {unknown}
 R - a scroll of enchant weapon {unknown}
 W - a scroll of acquirement {unknown}
 X - a scroll of noise {unknown}
 Y - a scroll of fog {unknown}
Potions
 e - a potion of brilliance
 l - 6 potions of curing
 p - 2 potions of cancellation
 t - a potion of cure mutation
 E - a potion of magic {unknown}
 G - a potion of ambrosia {unknown}
 H - a potion of experience {unknown}
 I - a potion of flight {unknown}
 P - 2 potions of haste
 V - a potion of might {unknown}
Comestibles
 b - 3 chunks of flesh
 c - 10 bread rations
 h - 2 slices of pizza
 i - 5 fruits
 q - 3 beef jerkies
 K - 4 meat rations


   Skills:
 + Level 9.5 Fighting
 * Level 12.0 Axes
 * Level 5.2 Bows
 + Level 8.4 Armour
 + Level 6.5 Dodging


You had 10 spell levels left.
You didn't know any spells.

Dungeon Overview and Level Annotations

Branches:
Dungeon (9/15)             Temple (0/1) D:6            Lair (0/6) D:9
    Orc: D:9-12

Altars:
Gozag
Okawaru

Shops:
D:7 !   D:8 :


Message History

You shoot an arrow.
The arrow closely misses the orc warrior.
Firing (i - inventory):
m - 42 arrows (quivered)
Press: ? - help, Shift-Dir - straight line, f/p - orc warrior
Aim: an orc warrior, wielding an arbalest and wearing a scale mail (severely wounded)
You shoot an arrow.
The arrow closely misses the orc warrior.
The orc warrior shoots a bolt.
The bolt closely misses you.
Firing (i - inventory):
m - 41 arrows (quivered)
Press: ? - help, Shift-Dir - straight line, f/p - orc warrior
Aim: an orc warrior, wielding an arbalest and wearing a scale mail (severely wounded)
You shoot an arrow. The arrow misses the orc warrior.
Firing (i - inventory):
m - 40 arrows (quivered)
Press: ? - help, Shift-Dir - straight line, f/p - orc warrior
Aim: an orc warrior, wielding an arbalest and wearing a scale mail (severely wounded)
You shoot an arrow.
The arrow hits the orc warrior but does no damage.
The orc warrior is severely wounded.
The orc warrior shoots a bolt.
The bolt hits you!!
You die...

########################
.................(.(....
.......@.....o(...(.....
..............(((()(.(..
.................)(((...
.................(......
.............(.(....)...
.....≈≈≈≈≈...((.........
....≈≈#.#≈≈..(........((
....≈##.##≈.............
...≈ .^..≈.............


You could see an orc warrior.

Vanquished Creatures
  Pikel (D:5)
  An orc knight (Bailey)
  The ghost of varam the Cudgeler, a novice GrFi of Makhleb (D:5)
  A komodo dragon (D:9)
  A two-headed ogre (D:9)
  A hungry ghost (D:8)
  Menkaure (D:5)
  A water moccasin (D:9)
  11 orc warriors
  4 slaves (D:5)
  2 ice beasts (D:8)
  A black bear (D:8)
  3 sky beasts
  3 ogres
  2 centaurs
  A necrophage (D:5)
  3 big kobolds
  5 bullfrogs
  4 scorpions
  5 wights (D:7)
  A howler monkey (D:6)
  A centaur zombie (D:8)
  2 crimson imps
  4 hounds
  12 orc wizards
  4 orc priests
  A jelly (D:5)
  Crazy Yiuf (D:5)
  2 bullfrog skeletons
  3 centaur skeletons
  2 iguanas
  Natasha (thrice) (D:3)
  9 worker ants
  A hound zombie (D:8)
  A hound skeleton (D:4)
  A worker ant zombie (D:7)
  8 gnolls
  23 adders
  A river rat (D:5)
  A shadow imp (D:6)
  13 oozes
  An adder zombie (D:9)
  2 adder skeletons
  6 worms
  2 dart slugs (D:4)
  11 leopard geckos
  41 orcs
  18 giant cockroaches
  14 goblins
  7 hobgoblins
  6 jackals
  10 kobolds
  8 quokkas
  13 ball pythons
  A ball python skeleton (D:5)
  7 bats
  10 frilled lizards
  2 quokka skeletons
  10 rats
315 creatures vanquished.

Vanquished Creatures (others)
  3 plants (D:9)
3 creatures vanquished.

Grand Total: 318 creatures vanquished

Notes
Turn   | Place    | Note
-------+----------+-------------------------------------------
     0 | D:1      | nikopol the Hill Orc Berserker began the quest for the Orb.
     0 | D:1      | Reached XP level 1. HP: 19/19 MP: 1/1
   131 | D:1      | Reached XP level 2. HP: 25/27 MP: 2/2
   244 | D:1      | Reached XP level 3. HP: 31/33 MP: 3/3
   731 | D:1      | Reached ** piety under Trog
   813 | D:2      | Found an opulent altar of Gozag.
   957 | D:2      | Reached XP level 4. HP: 33/41 MP: 4/4
  1111 | D:2      | Reached skill level 5 in Axes
  1711 | D:3      | Noticed Natasha
  1726 | D:3      | Killed Natasha
  1726 | D:3      | Reached XP level 5. HP: 47/47 MP: 5/5
  1833 | D:3      | Found a faded altar of an unknown god.
  1840 | D:3      | Found an iron altar of Okawaru.
  1896 | D:3      | Noticed Natasha
  1904 | D:3      | Killed Natasha
  2409 | D:3      | Reached XP level 6. HP: 55/55 MP: 6/6
  2475 | D:3      | Noticed Natasha
  2486 | D:3      | Killed Natasha
  2486 | D:3      | Reached *** piety under Trog
  2486 | D:3      | Reached skill level 5 in Fighting
  2862 | D:4      | Reached skill level 6 in Axes
  3162 | D:4      | Reached XP level 7. HP: 61/61 MP: 7/7
  4123 | D:5      | Entered Level 5 of the Dungeon
  4126 | D:5      | Noticed varam's ghost (novice GrFi)
  4131 | D:5      | Reached skill level 7 in Axes
  4205 | D:5      | Found a glowing drain.
  4209 | Sewer    | Entered a sewer
  4258 | Sewer    | Reached **** piety under Trog
  4321 | Sewer    | Reached skill level 5 in Armour
  4466 | Sewer    | Reached XP level 8. HP: 70/70 MP: 8/8
  4845 | D:5      | Killed varam's ghost
  4845 | D:5      | Reached skill level 8 in Axes
  5007 | D:5      | Noticed Menkaure
  5023 | D:5      | Killed Menkaure
  5024 | D:5      | Reached ***** piety under Trog
  5129 | D:5      | Reached skill level 5 in Dodging
  5129 | D:5      | Reached XP level 9. HP: 73/78 MP: 9/9
  5234 | D:5      | Noticed Pikel
  5258 | D:5      | Killed Pikel
  5258 | D:5      | Reached skill level 9 in Axes
  5569 | D:5      | Found a runed door.
  5574 | D:5      | Noticed Crazy Yiuf
  5586 | D:5      | Killed Crazy Yiuf
  5950 | D:6      | Found a staircase to the Ecumenical Temple.
  6036 | D:6      | Reached skill level 1 in Bows
  6701 | D:7      | Found Orpheis's Distillery.
  6706 | D:7      | Bought a potion of curing for 42 gold pieces
  6706 | D:7      | Bought a potion of heal wounds for 70 gold pieces
  6912 | D:7      | Reached skill level 10 in Axes
  6917 | D:7      | Reached XP level 10. HP: 75/87 MP: 10/10
  7239 | D:8      | Received a gift from Trog
  8070 | D:8      | Found Tohein's Book Shoppe.
  8647 | D:8      | Reached skill level 11 in Axes
  8746 | D:9      | Got a smelly ring mail
  8827 | D:9      | Found a staircase to the Lair.
  9118 | D:9      | Received a gift from Trog
  9127 | D:9      | Found a flagged portal.
  9145 | Bailey   | Entered a bailey
  9787 | Bailey   | Noticed an orc knight
  9796 | Bailey   | Killed an orc knight
  9796 | Bailey   | Reached skill level 5 in Bows
  9796 | Bailey   | Reached XP level 11. HP: 96/96 MP: 11/11
  9990 | Bailey   | HP: 4/96 [orc warrior (9)]
  9993 | Bailey   | Reached skill level 12 in Axes
 10013 | Bailey   | Shot with a bolt by an orc warrior

Skill      XL: |  1  2  3  4  5  6  7  8  9 10 11 |
---------------+----------------------------------+-----
Fighting       | 4 5 7 8 9 |  9.5
Dodging        | 2 3 4 5 6 |  6.5
Axes           | 5 6 7 8 10 11 12 | 12.0
Armour         | 3 4 5 6 7 8 |  8.4
Bows           | 2 5 |  5.2

Action                   |  1- 3 |  4- 6 |  7- 9 | 10-12 || total
-------------------------+-------+-------+-------+-------++-------
Melee: Hand axe          |   152 |   284 |   585 |   221 ||  1242
       War axe           |       |       |       |    36 ||    36
 Fire: Shortbow          |       |       |    92 |   133 ||   225
       Arbalest          |       |       |       |     2 ||     2
Invok: Berserk           |       |       |     3 |     2 ||     5
       Trog's Hand       |       |       |     1 |     1 ||     2
       Burn Spellbooks   |       |       |       |     1 ||     1
  Use: Scroll            |       |       |     8 |     7 ||    15
       Potion            |       |       |       |     2 ||     2
  Eat: Chunk             |       |     8 |    15 |    12 ||    35
       Fruit             |       |       |       |     2 ||     2
       Royal jelly       |       |       |       |     1 ||     1
Armor: Scale mail        |    73 |    24 |       |       ||    97
       Chain mail        |       |   118 |   342 |   145 ||   605
Dodge: Dodged            |    94 |   136 |   258 |   156 ||   644
